General information
- name: BNet
- type: Ladder team game (AT/RT)
- host: Battle.net
- saver: JaredTaylor
map: Deadlock
- players: 8
- length: 34:08
- speed: Fast
- version: 1.28 W3XP
- replay type: Public
» download(270 KB)
Players
team 1 (winner)
S.ubterfuge. (
red | 13 APM | 19 actions | 01:28)
» actions
| Build / train | 5 | |
| Enter build submenu | 3 | |
| Right click | 3 | |
| Select / deselect | 5 | |
| Use ability | 3 | |
19 total
» units
» buildings
| War Mill | 1 | |
| Orc Burrow | 1 | |
| Altar of Storms | 1 | |
3 total
» build order
00:26 War Mill
00:42 Orc Burrow
01:13 Altar of Storms
BRAINWORK (
pink | 100 APM | 3410 actions | 34:06)
1 Blademaster
1 Wind Walk
7 Tauren Chieftain
3 War Stomp
3 Endurance Aura
1 Reincarnation
5 Shadow Hunter
2 Healing Wave
3 Hex
» actions
| Assign group hotkey | 94 | |
| Basic commands | 165 | |
| Build / train | 138 | |
| ESC pressed | 10 | |
| Enter build submenu | 32 | |
| Enter hero's abilities submenu | 14 | |
| Give item / drop item | 6 | |
| Right click | 1003 | |
| Select / deselect | 582 | |
| Select group hotkey | 943 | |
| Use ability | 423 | |
3410 total
» units
| Peon | 18 | |
| Grunt | 6 | |
| Troll Headhunter/Berserker | 11 | |
| Raider | 3 | |
| Kodo Beast | 2 | |
| Troll Batrider | 3 | |
| Troll Witch Doctor | 2 | |
| Shaman | 2 | |
| Spirit Walker | 3 | |
50 total
» upgrades
| Armor | 3 | |
| Berserker Strength | 1 | |
| Pillage | 1 | |
| Ranged Weapons | 3 | |
| Reinforced Defenses | 1 | |
| Melee Weapons | 3 | |
| Berserker Upgrade | 2 | |
| Ensnare | 1 | |
| War Drums Damage Increase | 1 | |
| Liquid Fire | 1 | |
| Witch Doctor Training | 2 | |
| Spiked Barricades | 1 | |
| Shaman Training | 2 | |
| Spirit Walker Training | 1 | |
| Troll Regeneration | 1 | |
24 total
» buildings
| Orc Burrow | 6 | |
| Altar of Storms | 1 | |
| Barracks | 1 | |
| Voodoo Lounge | 4 | |
| War Mill | 2 | |
| Stronghold | 3 | |
| Watch Tower | 9 | |
| Great Hall | 2 | |
| Fortress | 3 | |
| Beastiary | 2 | |
| Spirit Lodge | 2 | |
35 total
» build order
00:11 Orc Burrow
01:03 Altar of Storms
01:04 Barracks
01:06 Orc Burrow
02:03 Voodoo Lounge
02:05 War Mill
02:35 Orc Burrow
03:56 Stronghold
03:56 Stronghold
03:57 Stronghold
05:14 Watch Tower
05:28 Watch Tower
07:00 Great Hall
07:14 Orc Burrow
08:21 Great Hall
09:05 Watch Tower
09:06 Watch Tower
09:07 Watch Tower
09:16 Fortress
09:16 Fortress
09:16 Fortress
11:07 Watch Tower
11:07 Watch Tower
11:08 Watch Tower
12:30 Orc Burrow
13:46 Beastiary
13:48 Beastiary
16:52 Voodoo Lounge
19:53 Voodoo Lounge
21:00 Voodoo Lounge
25:56 Watch Tower
26:20 Spirit Lodge
26:30 War Mill
27:41 Spirit Lodge
27:49 Orc Burrow
» items
| Healing Salve | 4 | |
| Lesser Clarity Potion | 5 | |
| Boots of Speed | 2 | |
| Circlet of Nobility | 2 | |
| Orb of Lightning | 2 | |
| Periapt of Vitality | 1 | |
| Potion of Lesser Invulnerability | 1 | |
| Scroll of Protection | 1 | |
| Scroll of Healing | 1 | |
| Potion of Mana | 2 | |
| Scroll of Town Portal | 3 | |
24 total
JaredTaylor (
blue | 70 APM | 2381 actions | 34:08)
10 Blademaster
3 Wind Walk
3 Critical Strike
1 Bladestorm
3 Mirror Image
» actions
| Assign group hotkey | 26 | |
| Basic commands | 51 | |
| Build / train | 119 | |
| Enter build submenu | 78 | |
| Enter hero's abilities submenu | 11 | |
| Give item / drop item | 3 | |
| Remove unit from queue | 5 | |
| Right click | 1002 | |
| Select / deselect | 496 | |
| Select group hotkey | 314 | |
| Use ability | 276 | |
2381 total
» units
| Peon | 30 | |
| Grunt | 5 | |
| Troll Batrider | 23 | |
58 total
» upgrades
| Reinforced Defenses | 2 | |
| Armor | 3 | |
| Liquid Fire | 1 | |
| Ranged Weapons | 3 | |
| Troll Regeneration | 1 | |
10 total
» buildings
| Orc Burrow | 4 | |
| Altar of Storms | 1 | |
| Barracks | 1 | |
| Voodoo Lounge | 3 | |
| Stronghold | 2 | |
| Watch Tower | 71 | |
| War Mill | 1 | |
| Fortress | 2 | |
| Great Hall | 3 | |
| Beastiary | 4 | |
92 total
» build order
00:11 Orc Burrow
01:06 Altar of Storms
01:07 Barracks
01:10 Orc Burrow
01:51 Voodoo Lounge
02:51 Stronghold
03:16 Watch Tower
03:45 Watch Tower
03:49 War Mill
04:40 Watch Tower
04:58 Orc Burrow
05:31 Watch Tower
05:32 Watch Tower
06:00 Fortress
06:20 Watch Tower
06:31 Great Hall
06:45 Watch Tower
06:45 Watch Tower
06:46 Watch Tower
06:46 Watch Tower
06:53 Stronghold
06:54 Orc Burrow
07:07 Watch Tower
07:09 Watch Tower
07:10 Watch Tower
07:50 Watch Tower
08:15 Watch Tower
08:16 Watch Tower
08:24 Watch Tower
08:26 Watch Tower
08:54 Watch Tower
08:59 Watch Tower
08:59 Watch Tower
08:59 Watch Tower
09:44 Watch Tower
09:47 Watch Tower
09:50 Watch Tower
09:56 Watch Tower
10:18 Watch Tower
11:04 Fortress
11:29 Voodoo Lounge
12:11 Beastiary
12:13 Beastiary
12:37 Great Hall
12:40 Watch Tower
14:18 Beastiary
17:29 Watch Tower
17:29 Watch Tower
17:30 Watch Tower
17:30 Watch Tower
17:30 Watch Tower
17:31 Watch Tower
21:07 Watch Tower
21:08 Watch Tower
21:08 Watch Tower
21:08 Watch Tower
21:11 Watch Tower
21:11 Watch Tower
21:11 Watch Tower
21:12 Watch Tower
22:00 Watch Tower
22:01 Watch Tower
22:04 Watch Tower
22:04 Watch Tower
22:04 Watch Tower
22:05 Watch Tower
24:34 Watch Tower
24:39 Watch Tower
24:40 Watch Tower
24:40 Watch Tower
24:41 Watch Tower
24:42 Watch Tower
26:08 Great Hall
26:10 Watch Tower
26:10 Watch Tower
26:10 Watch Tower
26:11 Watch Tower
26:13 Watch Tower
26:13 Watch Tower
26:13 Watch Tower
26:14 Watch Tower
26:18 Voodoo Lounge
28:03 Beastiary
28:33 Watch Tower
28:34 Watch Tower
28:34 Watch Tower
28:34 Watch Tower
28:35 Watch Tower
28:35 Watch Tower
28:37 Watch Tower
28:38 Watch Tower
28:38 Watch Tower
» items
| Healing Salve | 8 | |
| Orb of Lightning | 1 | |
| Lesser Clarity Potion | 5 | |
| Scroll of Town Portal | 4 | |
| Potion of Healing | 6 | |
| Potion of Mana | 5 | |
| Periapt of Vitality | 1 | |
| Scroll of Protection | 1 | |
31 total
SiledeTangvil (
orange | 0 APM | 8 actions | 19:28)
1 Blademaster
1 Wind Walk
» actions
| Build / train | 2 | |
| Enter hero's abilities submenu | 1 | |
| Select / deselect | 4 | |
| Use ability | 1 | |
8 total
team 2 (loser)
headbandkush (
purple | 21 APM | 688 actions | 33:05)
2 Mountain King
1 Storm Bolt
1 Bash
» actions
| Basic commands | 20 | |
| Build / train | 35 | |
| Enter build submenu | 25 | |
| Enter hero's abilities submenu | 2 | |
| Remove unit from queue | 1 | |
| Right click | 332 | |
| Select / deselect | 241 | |
| Use ability | 32 | |
688 total
» units
» upgrades
| Gunpowder | 2 | |
| Masonry | 1 | |
| Armor | 1 | |
| Lumber Harvesting | 1 | |
| Long Rifles | 1 | |
6 total
» buildings
| Altar of Kings | 1 | |
| Barracks | 1 | |
| Blacksmith | 1 | |
| Farm | 6 | |
| Scout Tower | 7 | |
| Lumber Mill | 1 | |
| Guard Tower | 7 | |
| Arcane Vault | 1 | |
| Keep | 1 | |
| Castle | 1 | |
| Workshop | 1 | |
| Town Hall | 1 | |
29 total
» build order
01:02 Altar of Kings
01:05 Barracks
01:08 Blacksmith
01:14 Farm
01:32 Scout Tower
01:42 Lumber Mill
01:59 Farm
02:04 Scout Tower
02:33 Farm
03:05 Guard Tower
03:07 Guard Tower
03:18 Scout Tower
04:25 Guard Tower
04:34 Scout Tower
05:07 Guard Tower
05:31 Farm
05:38 Arcane Vault
05:40 Keep
05:58 Scout Tower
06:46 Guard Tower
07:17 Farm
08:09 Castle
08:16 Workshop
08:59 Scout Tower
09:00 Scout Tower
09:31 Guard Tower
09:32 Guard Tower
10:29 Farm
16:41 Town Hall

»
HotKoreanBoi (
teal | 90 APM | 2073 actions | 23:03)
4 Pit Lord
2 Howl of Terror
2 Cleaving Attack
2 Priestess of the Moon
1 Trueshot Aura
1 Scout
1 Keeper of the Grove
1 Entangling Roots
» actions
| Assign group hotkey | 206 | |
| Basic commands | 165 | |
| Build / train | 87 | |
| Enter build submenu | 21 | |
| Enter hero's abilities submenu | 8 | |
| Remove unit from queue | 1 | |
| Right click | 641 | |
| Select / deselect | 392 | |
| Select group hotkey | 406 | |
| Use ability | 146 | |
2073 total
» units
| Wisp | 21 | |
| Archer | 5 | |
| Dryad | 3 | |
| Druid of the Claw | 5 | |
| Druid of the Talon | 10 | |
| Razormane Medicine Man | 1 | |
| Harpy Windwitch | 1 | |
| Harpy Rogue | 1 | |
47 total
» upgrades
| Improved Bows | 1 | |
| Druid of the Talon Training | 2 | |
| Nature's Blessing | 1 | |
| Abolish Magic | 1 | |
| Druid of the Claw Training | 2 | |
| Well Spring | 1 | |
| Strength of the Wild | 1 | |
| Reinforced Hides | 1 | |
10 total
» buildings
| Moon Well | 9 | |
| Altar of Elders | 1 | |
| Ancient of War | 1 | |
| Tree of Ages | 1 | |
| Hunter's Hall | 1 | |
| Tree of Life | 2 | |
| Ancient of Lore | 1 | |
| Ancient of Wind | 2 | |
| Tree of Eternity | 1 | |
| Ancient of Wonders | 1 | |
20 total
» build order
00:10 Moon Well
01:09 Altar of Elders
01:17 Ancient of War
01:26 Moon Well
03:02 Tree of Ages
03:41 Moon Well
04:02 Hunter's Hall
04:34 Tree of Life
05:03 Moon Well
05:26 Ancient of Lore
05:28 Ancient of Wind
05:54 Ancient of Wind
09:15 Moon Well
09:16 Moon Well
09:50 Tree of Eternity
10:19 Moon Well
10:20 Moon Well
11:05 Moon Well
11:16 Ancient of Wonders
17:09 Tree of Life
» items
| Scroll of Town Portal | 4 | |
| Periapt of Vitality | 1 | |
| Scroll of Healing | 1 | |
| Scroll of Protection | 1 | |
| Potion of Lesser Invulnerability | 1 | |
| Moonstone | 2 | |
| Potion of Healing | 6 | |
| Orb of Venom | 1 | |
17 total
khaleesi (
green | 25 APM | 857 actions | 34:06)
4 Dreadlord
3 Carrion Swarm
1 Vampiric Aura
» actions
| Assign group hotkey | 5 | |
| Basic commands | 18 | |
| Build / train | 61 | |
| ESC pressed | 5 | |
| Enter build submenu | 40 | |
| Enter hero's abilities submenu | 4 | |
| Remove unit from queue | 1 | |
| Right click | 246 | |
| Select / deselect | 267 | |
| Select group hotkey | 122 | |
| Use ability | 88 | |
857 total
» units
| Acolyte | 15 | |
| Ghoul | 7 | |
| Frost Wyrm | 4 | |
26 total
» upgrades
| Creature Attack | 3 | |
| Creature Carapace | 3 | |
| Freezing Breath | 0 | |
6 total
» buildings
| Crypt | 2 | |
| Ziggurat | 21 | |
| Graveyard | 2 | |
| Altar of Darkness | 1 | |
| Necropolis | 2 | |
| Spirit Tower | 16 | |
| Tomb of Relics | 3 | |
| Halls of the Dead | 1 | |
| Black Citadel | 1 | |
| Sacrificial Pit | 1 | |
| Boneyard | 5 | |
55 total
» build order
00:55 Crypt
00:58 Crypt
01:01 Ziggurat
01:03 Ziggurat
01:08 Ziggurat
01:19 Graveyard
02:07 Altar of Darkness
02:14 Ziggurat
03:40 Ziggurat
06:42 Ziggurat
06:44 Ziggurat
06:47 Ziggurat
06:57 Ziggurat
07:25 Necropolis
07:38 Spirit Tower
08:05 Necropolis
08:08 Spirit Tower
08:15 Tomb of Relics
08:21 Ziggurat
08:21 Ziggurat
08:23 Ziggurat
08:24 Ziggurat
08:26 Ziggurat
08:28 Ziggurat
08:36 Tomb of Relics
08:39 Ziggurat
08:40 Ziggurat
08:42 Ziggurat
08:43 Ziggurat
08:49 Ziggurat
09:16 Spirit Tower
09:19 Spirit Tower
09:19 Spirit Tower
09:19 Spirit Tower
09:42 Spirit Tower
09:45 Ziggurat
09:56 Halls of the Dead
10:00 Spirit Tower
10:00 Spirit Tower
10:06 Spirit Tower
10:06 Spirit Tower
10:10 Spirit Tower
10:10 Spirit Tower
10:14 Spirit Tower
10:14 Spirit Tower
10:56 Spirit Tower
12:21 Black Citadel
12:35 Sacrificial Pit
14:54 Boneyard
14:56 Boneyard
14:58 Boneyard
15:02 Boneyard
15:05 Boneyard
17:04 Tomb of Relics
19:07 Graveyard
» items
| Staff of Teleportation | 1 | |
| Lesser Clarity Potion | 1 | |
| Orb of Corruption | 1 | |
| Potion of Healing | 1 | |
4 total
JERRY-LERRY (
yellow | 47 APM | 1592 actions | 34:06)
3 Blademaster
1 Wind Walk
2 Critical Strike
» actions
| Assign group hotkey | 32 | |
| Basic commands | 49 | |
| Build / train | 56 | |
| Enter build submenu | 15 | |
| Enter hero's abilities submenu | 3 | |
| Give item / drop item | 4 | |
| Right click | 747 | |
| Select / deselect | 230 | |
| Select group hotkey | 431 | |
| Use ability | 25 | |
1592 total
» units
| Peon | 17 | |
| Troll Headhunter/Berserker | 6 | |
| Wind Rider | 7 | |
30 total
» upgrades
| Troll Regeneration | 1 | |
| Ranged Weapons | 2 | |
| Armor | 2 | |
| Envenomed Spears | 1 | |
| Reinforced Defenses | 1 | |
| Berserker Upgrade | 1 | |
8 total
» buildings
| Altar of Storms | 1 | |
| Orc Burrow | 5 | |
| Voodoo Lounge | 1 | |
| Barracks | 2 | |
| War Mill | 1 | |
| Stronghold | 1 | |
| Great Hall | 2 | |
| Beastiary | 2 | |
| Fortress | 3 | |
18 total
» build order
00:08 Altar of Storms
00:21 Orc Burrow
00:57 Voodoo Lounge
01:47 Barracks
01:58 Barracks
02:15 Orc Burrow
02:26 Orc Burrow
02:48 War Mill
04:01 Stronghold
05:42 Great Hall
05:56 Orc Burrow
07:38 Great Hall
09:00 Beastiary
09:04 Beastiary
10:11 Fortress
10:12 Fortress
11:43 Orc Burrow
» items
| Healing Salve | 3 | |
| Scroll of Town Portal | 4 | |
7 total
Chat log
(00:07 / All) BRAINWORK: red u cant imagine the subterfuge this game son
(00:56 / All) HotKoreanBoi: orange is a griefer faggot with no life
(01:21 / Allies) BRAINWORK: we got this red
(01:31 / Allies) JaredTaylor: this puss
(01:45 / All) JaredTaylor: 20 minute truce
(01:50 / All) BRAINWORK: k
(01:52 / All) BRAINWORK: no rush 20
(01:53 / All) headbandkush: si
(01:56 / All) khaleesi: ok
(02:24 / Allies) JaredTaylor: just use red for towers on us
(02:42 / Allies) BRAINWORK: thought jake was the one on my team for some reason
(02:43 / Allies) BRAINWORK: not sure why
(03:54 / All) BRAINWORK: ty for creeps purp
(07:57 / All) JaredTaylor: YOU BETRAYED THE TRUCE
(08:07 / All) BRAINWORK: TRUCE BREAKER
(08:12 / All) BRAINWORK: THIS IS 20 MIN NO RUSH
(08:20 / All) HotKoreanBoi: it was 20 mins in game time already
(08:25 / All) BRAINWORK: no
(08:25 / All) HotKoreanBoi: a full day has passed
(08:26 / All) HotKoreanBoi: gg
(08:26 / All) BRAINWORK: it was not
(08:32 / All) HotKoreanBoi: look at the timer
(08:35 / All) BRAINWORK: TRUCE BREAKER
(08:41 / All) HotKoreanBoi: technicality, i win
(08:44 / All) BRAINWORK: DO U LIVE IN WARCRAFT ASSHOLE
(08:49 / All) HotKoreanBoi: yes i do
(08:50 / All) BRAINWORK: WE AGRED ON REAL TIME
(08:52 / All) HotKoreanBoi: i live in azeroth
(09:05 / All) HotKoreanBoi: technically i never agreed to anything anyway
(09:16 / All) headbandkush: ye the other 2 retards did
(09:35 / All) HotKoreanBoi: you want a truce with me you gotta barter for it
(09:44 / All) HotKoreanBoi: what do you have to trade?
(09:49 / All) headbandkush: yea suck his cock
(10:04 / All) headbandkush: finger his asshole
(10:26 / Allies) JaredTaylor: LETS DO THIS
(10:28 / All) JaredTaylor: TRUCE BREAKER
(10:31 / All) BRAINWORK: TRUCE BREAKER
(10:43 / All) BRAINWORK: DEATH TO TRUCE BREAKERS
(10:44 / All) JaredTaylor: YOU BETRAYED THE LAW
(10:45 / All) JERRY-LERRY: PURPLE WTF
(10:46 / All) JERRY-LERRY: PURPLE LEFT
(10:55 / All) BRAINWORK: A COWARD AS WELL
(11:00 / All) JERRY-LERRY: pruple is a bad teammate
(11:06 / All) khaleesi: purple u fucking suck
(11:19 / All) headbandkush: gg
(11:22 / All) JaredTaylor: YOU BETRAYED THE LAW!!!!!!!!!!!!!!!!!!!!!!!
(11:22 / All) headbandkush: retard team
(11:27 / All) BRAINWORK: U WERE ON IT
(11:29 / All) BRAINWORK: AND BIGGEST RETARD
(11:34 / All) BRAINWORK: ON BNET
(11:37 / All) headbandkush: gg
(11:43 / All) headbandkush: its over rock
(11:43 / All) BRAINWORK: GREEN YEL ONLY GOOD PLAYERS ON YOUR TEAM
(11:47 / All) BRAINWORK: ENJOY UR LOSS TRUCE BREAKER FOOL
(11:55 / All) headbandkush: green noob af
(11:59 / All) khaleesi: u idiot
(12:00 / All) headbandkush: takes both gold mines
(12:05 / All) khaleesi: i play fair
(12:08 / All) JERRY-LERRY: die pruplee
(12:09 / All) khaleesi: they said no rush why u rush
(12:10 / All) JERRY-LERRY: purple is enemy now
(12:13 / All) JERRY-LERRY: lets siege purples base
(12:16 / All) headbandkush: green play like retard
(12:16 / All) BRAINWORK: didn't want you to take gold he could use better
(12:17 / All) JERRY-LERRY: come teal
(12:21 / All) JERRY-LERRY: purple is a traitor
(12:21 / All) BRAINWORK: I played a game with green before
(12:23 / All) JERRY-LERRY: siege purple now
(12:23 / All) BRAINWORK: on fullscale
(12:24 / All) headbandkush: yellow lick my asshole u retard bitch
(12:24 / All) BRAINWORK: he had top score
(12:27 / All) BRAINWORK: which makes him pro
(12:31 / All) BRAINWORK: LOL
(12:52 / All) JERRY-LERRY: purp is trying to trick us
(13:02 / All) headbandkush: too many noob on this team
(13:05 / All) headbandkush: cant stand it
(13:21 / All) BRAINWORK: if you want less noobs on your team
(13:24 / All) BRAINWORK: why are you still ingame??
(13:28 / All) headbandkush: gg nigger
(13:34 / All) khaleesi: he back stab himself we are level 1
(13:35 / All) khaleesi: lol
(13:40 / All) khaleesi: No loss here
(13:41 / All) BRAINWORK: LOL
(13:41 / All) headbandkush: ye
(13:44 / All) BRAINWORK: GIVING YOURSELF LOSS PURP?
(13:54 / All) headbandkush: niggas cant win without me tho
(13:55 / All) headbandkush: so gg
(14:01 / All) khaleesi: we can win
(14:04 / All) headbandkush: this game is now a l for these retards
(14:06 / All) BRAINWORK: no one can win with you on their team purp
(14:08 / All) headbandkush: LOL
(14:12 / All) headbandkush: noob fuck teal carry u
(14:38 / All) headbandkush: gg tho teal cant win either
(14:45 / All) khaleesi: i will win
(14:46 / All) JaredTaylor: let's go boy
(14:47 / All) headbandkush: YALL NEEDED ME NOOBS
(15:04 / All) headbandkush: gg gotta go take shit
(15:07 / All) BRAINWORK: NICE TRY SAVING HEROES
(15:16 / All) JaredTaylor: LET'S GO BOY
(15:18 / All) JaredTaylor: LET'S GO BOY
(15:23 / All) JaredTaylor: YOU BETRAYED THE LAW
(15:31 / All) headbandkush: hit top left he massing boneyards
(15:31 / All) JaredTaylor: OATHBREAKER
(15:46 / All) headbandkush: 7k gold LOL
(15:49 / All) headbandkush: 1 hero
(15:51 / All) JaredTaylor: YOUR ASS IS GRASS OATHBREAKER
(15:51 / All) headbandkush: noob af
(15:52 / All) BRAINWORK: SOAK UP THAT MOON JUICE
(17:38 / Allies) JaredTaylor: no wonder I didn't have wood lmao
(17:53 / Allies) BRAINWORK: what'd you do
(17:55 / Allies) BRAINWORK: missed the ping
(17:57 / Allies) BRAINWORK: was spamming towers
(18:33 / All) JERRY-LERRY: wehre ur bats
(18:50 / Allies) JaredTaylor: I thought I was making wood peons but they were building there
(19:00 / Allies) BRAINWORK: lol
(19:09 / Allies) JaredTaylor: wtf
(19:24 / All) HotKoreanBoi: i shit on all you noobs
(19:25 / All) headbandkush: d
(19:27 / Allies) BRAINWORK: how would I know
(19:28 / All) headbandkush: D
(19:29 / All) headbandkush: d
(19:29 / All) headbandkush: d
(19:30 / All) headbandkush: d
(19:30 / All) headbandkush: d
(19:33 / All) BRAINWORK: wtf
(19:34 / All) JaredTaylor: drophacker lawl
(19:38 / All) BRAINWORK: showed you lagging a sec green
(19:39 / All) JaredTaylor: kill purple immediately
(19:46 / All) BRAINWORK: DROPHACKER
(19:46 / All) headbandkush: d
(19:46 / All) headbandkush: d
(19:47 / All) headbandkush: d
(19:48 / All) headbandkush: D
(19:48 / All) headbandkush: D
(20:17 / All) headbandkush: d
(20:18 / All) headbandkush: d
(20:18 / All) headbandkush: d
(20:19 / All) headbandkush: D
(20:20 / All) BRAINWORK: you lagging green
(20:23 / All) BRAINWORK: purp trying to hack you out
(20:25 / All) BRAINWORK: what a homo
(20:25 / All) headbandkush: d
(20:26 / All) headbandkush: d
(20:26 / All) headbandkush: D
(20:30 / All) headbandkush: stfu u homo
(20:35 / All) headbandkush: teal has small dick
(20:39 / All) BRAINWORK: you're the one who won't stfu about d homo
(20:40 / All) headbandkush: lil korean dick
(20:43 / All) headbandkush: d
(20:43 / All) headbandkush: d
(20:44 / All) JaredTaylor: tk him already lawl
(20:45 / All) BRAINWORK: stop projecting fag
(20:47 / All) headbandkush: teal little d
(21:05 / Allies) BRAINWORK: think purp has nothing
(21:07 / Allies) BRAINWORK: and they tked him
(21:08 / All) headbandkush: teal dick so small they call it a penis
(21:09 / All) headbandkush: d
(21:18 / All) HotKoreanBoi: saw purple's google "what is the clit?"
(21:24 / Allies) BRAINWORK: there;'s some units to rape
(21:29 / All) headbandkush: teal mad lil korean dick
(21:46 / All) headbandkush: very intimidating penis
(21:49 / All) headbandkush: d
(21:49 / All) headbandkush: d
(21:49 / All) headbandkush: d
(21:50 / All) headbandkush: d
(21:51 / All) JaredTaylor: tk immeidately
(21:56 / All) headbandkush: d
(21:57 / All) headbandkush: d
(21:58 / All) headbandkush: d
(21:58 / All) headbandkush: d
(21:59 / All) headbandkush: d
(21:59 / All) headbandkush: d
(22:00 / All) headbandkush: D
(22:07 / All) BRAINWORK: Purp why drophack in 2018 son
(22:12 / All) headbandkush: HOW THE FUCK YALL STILL AINT WIN YET LOL
(22:23 / All) JERRY-LERRY: the breaker of chains sent a hit out on you teal
(22:26 / All) headbandkush: YOU PLAYIN 2 RETARD AND 1 LIL KOREN PENIS
(22:33 / All) headbandkush: d
(22:34 / All) headbandkush: d
(22:35 / All) khaleesi: so much lag
(22:37 / All) khaleesi: i cant even move
(22:41 / All) khaleesi: stop hacking
(22:45 / All) headbandkush: korean boy lag in 2018
(22:49 / All) HotKoreanBoi: yellow is backstabbing lmfao
(23:00 / All) HotKoreanBoi: what a bunch of faggots you all are 2 players on my team backstabbing
(23:03 / All) headbandkush: yellow dont like lil korean penis
(23:07 / All) BRAINWORK: LOL
(23:09 / All) JaredTaylor: oh
(23:12 / All) JaredTaylor: teal never dropped?
(23:15 / All) JaredTaylor: I thought he dropped lmao
(23:15 / All) headbandkush: wow korean get so mad
(23:25 / All) JaredTaylor: Was teal the hacker?
(23:29 / All) headbandkush: no
(23:30 / All) headbandkush: me
(23:39 / All) headbandkush: i make sure these 2 retard dont win
(23:46 / All) headbandkush: they needed me
(23:59 / Allies) JaredTaylor: tp out
(24:00 / Allies) JaredTaylor: tp out
(24:00 / All) headbandkush: yall still cant win tho LOL
(24:01 / Allies) JaredTaylor: tp out
(24:02 / Allies) JaredTaylor: tp out
(24:04 / Allies) JaredTaylor: tp out
(24:06 / Allies) JaredTaylor: he's not tking
(24:09 / Allies) BRAINWORK: shieet
(24:09 / Allies) BRAINWORK: too late
(24:14 / All) headbandkush: game full of retards
(24:14 / Allies) JaredTaylor: kill green
(24:15 / Allies) BRAINWORK: you think he crossing us?
(24:18 / Allies) JaredTaylor: yeah
(24:21 / All) khaleesi: i can win
(24:23 / All) khaleesi: i dont need purple
(24:26 / All) headbandkush: no u cant retard
(24:37 / Allies) BRAINWORK: low on lumber
(24:56 / All) headbandkush: yellow joining the club
(24:59 / All) headbandkush: fucking right
(25:25 / All) headbandkush: retard green think he can still win LOL
(25:34 / All) khaleesi: i can win
(25:35 / All) headbandkush: LOL begging yellow to stop
(25:40 / All) headbandkush: yellow on my side now bitch nigger
(25:41 / All) khaleesi: i can win this
(25:48 / All) JERRY-LERRY: fuck u GREEENNNNNNNN
(25:51 / All) headbandkush: yellow suckin my cock now
(26:03 / All) headbandkush: green join us u can suck my asshole
(26:17 / All) khaleesi: im too young for you
(26:21 / All) khaleesi: do you like little boys?
(26:22 / All) headbandkush: lil bitch green got bsed hard
(26:33 / All) headbandkush: idc how old u are suck my asshole nigger
(26:45 / All) khaleesi: guys he is a phedofile
(26:55 / Allies) JaredTaylor: see
(26:57 / All) headbandkush: noob green
(27:04 / All) headbandkush: yellow join caln
(27:06 / All) headbandkush: clan
(27:09 / All) headbandkush: s4s
(27:21 / All) headbandkush: lots of cock for u to suck there
(27:40 / All) headbandkush: LOL
(27:42 / All) headbandkush: GREEN
(27:43 / Allies) JaredTaylor: that's what he gets for crossing us lol
(27:43 / All) headbandkush: SO BAD
(27:44 / All) khaleesi: i can win
(27:46 / All) khaleesi: no prob
(27:51 / All) headbandkush: LOL
(27:54 / All) headbandkush: FULL ON RETARD
(27:56 / Allies) JaredTaylor: let's kill his expos
(28:03 / Allies) BRAINWORK: k
(28:59 / All) JERRY-LERRY: purple am i a good player
(29:05 / All) headbandkush: pro
(29:09 / All) headbandkush: join my clan s4s
(29:14 / All) JERRY-LERRY: what am i best at
(29:19 / All) headbandkush: suck my cock
(29:32 / Allies) BRAINWORK: ?
(29:35 / Allies) BRAINWORK: flamechamp attacking us
(29:40 / All) headbandkush: u know u good
(29:53 / Allies) JaredTaylor: They will bring down the wrath of god upon them
(30:07 / Allies) BRAINWORK: go back and d or attack more?
(31:13 / All) JERRY-LERRY: i give control to purple
(31:22 / All) headbandkush: shit sorry guy
(31:40 / All) headbandkush: just never made it
(32:09 / All) headbandkush: LOL
(32:11 / All) headbandkush: so bad
(32:22 / All) headbandkush: yall couldnt win without me
(32:31 / All) JERRY-LERRY: fuck u puprle!!!!!
(32:35 / All) headbandkush: LOL
(32:38 / All) JERRY-LERRY: mother of dragons > U
(32:39 / All) headbandkush: join clan fam
(32:43 / All) headbandkush: clan s4s
(32:50 / All) JERRY-LERRY: im dany and you're the slave grey worm
(32:54 / All) headbandkush: we need u yellow u pro
(32:57 / All) JERRY-LERRY: ur a eunihc
(33:09 / All) JaredTaylor: YOU HAVE BROUGHT DOWN THE WRATH OF GOD UPON YE
(33:18 / All) khaleesi: he left lol
(33:21 / All) khaleesi: hahaha
(33:22 / All) JERRY-LERRY: purp loses?
(33:29 / All) JaredTaylor: yes drophacker
(33:38 / All) JERRY-LERRY: go to channel clan s4s
(33:41 / All) JERRY-LERRY: hes shaman i think
(33:44 / All) khaleesi: no hes not
(33:47 / All) khaleesi: just a noob there
(34:04 / All) BRAINWORK: 7/5 ALMOST 6/5